 Dungeon Crawl Stone Soup version 0.29-a0-810-g3812dd5c9c (webtiles) character file.

Game seed: 5870225047832244689

23 Rakan12345 the Firebug (level 2, 0/18 HPs)
             Began as a Hill Orc Fire Elementalist on July 3, 2022.
             Was a Follower of Hepliaklqana.
             Slain by an adder (2 damage)
             ... on level 2 of the Dungeon.
             The game lasted 00:04:03 (1421 turns).

Rakan12345 the Firebug (Hill Orc Fire Elementalist) Turns: 1421, Time: 00:04:04

Health: 0/18       AC:  2    Str: 10    XL:     2   Next: 95%
Magic:  1/4        EV: 12    Int: 15    God:    Hepliaklqana [*.....]
Gold:   39         SH:  0    Dex: 11    Spells: 3/4 levels left

rFire   . . .      SeeInvis .   g - +0 dagger (venom)
rCold   . . .      Faith    .   (no shield)
rNeg    . . .      Spirit   .   a - +0 robe
rPois   .          Reflect  .   (no helmet)
rElec   .          Harm     .   (no cloak)
rCorr   .          Rampage  .   (no gloves)
Will    .....                   (no boots)
Stlth   ++........              (no amulet)
HPRegen 0.06/turn               (no ring)
MPRegen 0.09/turn               (no ring)

@: no status effects
A: reduced essence
a: Renounce Religion, Recall Ancestor, Ancestor Identity


You were on level 2 of the Dungeon.
You worshipped Hepliaklqana.
Hepliaklqana was aware of your devotion.
You visited 1 branch of the dungeon, and saw 2 of its levels.

You collected 39 gold pieces.

Inventory:

Hand Weapons
 d - a +0 dagger
 g - a +0 dagger of venom (weapon)
Armour
 a - a +0 robe (worn)
Scrolls
 c - 2 scrolls of fear {unknown}
 e - 6 scrolls of identify {unknown}
 i - a scroll of teleportation {unknown}
 j - a scroll of poison {unknown}
Potions
 b - a potion of magic
 f - a potion of flight {unknown}
 h - a potion of resistance {unknown}
 k - a potion of invisibility {unknown}
 l - 2 potions of might {unknown}


   Skills:
 + Level 0.1 Short Blades
 + Level 1.5 Dodging
 + Level 1.6 Stealth
 + Level 0.7 Unarmed Combat
 + Level 1.8 Spellcasting
 + Level 1.0 Conjurations
 + Level 4.0 Fire Magic


You had 3 spell levels left.
You knew the following spells:

 Your Spells              Type           Power      Damage    Failure   Level
a - Foxfire               Conj/Fire      32%        2x1d5     9%          1

Your spell library contained the following spells:

 Spells                   Type           Power      Damage    Failure   Level
 Scorch                   Fire           26%        2d6       6%          2
 Conjure Flame            Conj/Fire      8%         6-21      24%         3
 Inner Flame              Hex/Fire       7%         N/A       30%         3
 Flame Wave               Conj/Fire      8%         2d5       63%         4


Dungeon Overview and Level Annotations

Branches:
Dungeon (2/15)

Altars:
Hepliaklqana

Shops:
D:2 *


Message History

The bat hits you but does no damage. The adder attacks as you move away!
The adder closely misses you. The bat barely misses you.
The bat closely misses you. The bat hits you.
The bat hits you but does no damage. The bat closely misses you.
A dart slug comes into view.
You conjure some foxfire!
The bat closely misses you. The bat hits you but does no damage.
The adder bites you.
The foxfire hits the adder.
The adder is severely wounded.
The foxfire hits the adder.
The adder is severely wounded.
The bat hits you. The bat misses you. The adder attacks as you move away!
The adder bites you.
* * * LOW HITPOINT WARNING * * *
Found a stone staircase leading up.
The bat closely misses you. The bat hits you but does no damage.
The bat barely misses you. The bat closely misses you.
You closely miss the adder.
The adder is severely wounded.
The bat hits you but does no damage. The bat hits you.
* * * LOW HITPOINT WARNING * * *
The adder completely misses you. The bat barely misses you.
You barely miss the adder.
The adder is severely wounded.
The bat misses you. The bat hits you but does no damage.
The bat barely misses you. The adder misses you. The adder closely misses you.
You barely miss the adder.
The adder is severely wounded.
The bat misses you. The bat barely misses you. The adder barely misses you.
You barely miss the adder.
The adder is severely wounded.
The bat hits you but does no damage. The bat misses you.
The bat hits Servia.
Servia barely misses the bat.
The adder barely misses you.
The bat hits Servia.
The bat hits you.
* * * LOW HITPOINT WARNING * * *
The bat closely misses you. The adder barely misses you.
Servia completely misses the adder.
The adder barely misses you. The bat misses you.
Servia barely misses the adder.
The adder bites you.
You die...

#... #####..### .....##
.. #....)...# #.:....
... #........+ +....#
....
#........####....#+#...#
...$...................#
.....><................#
#..............(w.....<#
#).)..........R.@#
...............Sb.b.....
...................#....
...................# ..
...................#
.......########....#
.....$.. #......
........# #......


You could see the friendly Servia the ancestor, an adder, a dart slug and 2
bats.

Vanquished Creatures
  2 endoplasms
  A giant cockroach (D:1)
  4 goblins
  A hobgoblin (D:1)
  A jackal (D:1)
  A kobold (D:2)
  A quokka (D:1)
  3 bats (D:1)
  A frilled lizard (D:1)
  2 rats (D:1)
17 creatures vanquished.

Vanquished Creatures (collateral kills)
  2 jackals (D:1)
  A quokka (D:1)
3 creatures vanquished.

Vanquished Creatures (others)
  38 foxfires
38 creatures vanquished.

Grand Total: 58 creatures vanquished

Notes
Turn   | Place    | Note
-------+----------+-------------------------------------------
     0 | D:1      | Rakan12345 the Hill Orc Fire Elementalist began the quest
                  | for the Orb.
     0 | D:1      | Reached XP level 1. HP: 14/14 MP: 3/3
    29 | D:1      | Found a faded altar of an unknown god.
   375 | D:1      | Prayed at the altar of an unknown god.
   375 | D:1      | Became a worshipper of Hepliaklqana the Forgotten
   375 | D:1      | Reached * piety under Hepliaklqana
   466 | D:1      | Reached XP level 2. HP: 13/18 MP: 2/4
  1384 | D:2      | Found Xyrethuv's General Store.
  1392 | D:2      | Reached skill level 4 in Fire Magic
  1421 | D:2      | Slain by an adder

Illustrated notes

Levels and vault maps discovered:
D:1:      reono_arrival_forest_river, layout_basic,
          ebering_ecumenical_altar_webs
D:2:      layout_basic, serial_shops, shop, kennysheep_flooded_box

Skill      XL: |  1  2 |
---------------+-------+-----
Fire Magic     | 4 |  4.0
Short Blades   | |  0.1
Dodging        | |  1.5
Stealth        | |  1.6
Unarmed Combat | |  0.7
Spellcasting   | |  1.8
Conjurations   | |  1.0

Action                   || total
-------------------------++-------
Melee: Unarmed           ||    15
       Dagger            ||    17
       Punch             ||     1
 Cast: Foxfire           ||    24
Armor: Robe              ||    18
Dodge: Dodged            ||    55

Table legend: (Time is in decaauts)
 A = Elapsed time spent in this place.
 B = Non-inter-level travel time spent in this place.
 C = Inter-level travel time spent in this place.
 D = Time resting spent in this place.
 E = Time spent auto-exploring this place.
 F = Levels seen in this place.
 G = Mean time per level.
                   A        B        C        D        E       F      G
               +--------+--------+--------+--------+--------+-----+--------+
         Total |   1425 |   1407 |     18 |    315 |    812 |   2 |  712.5 |
       Dungeon |   1425 |   1407 |     18 |    315 |    812 |   2 |  712.5 |
               +--------+--------+--------+--------+--------+-----+--------+

Top non-repeatable levels by time:
     D:1: 1380 daAuts
     D:2: 45 daAuts
